 Dungeon Crawl Stone Soup version 0.20-a0-251-g16a58bf (console) character file.

1574 nht the Grappler (level 8, -3/74 HPs)
             Began as a Troll Fighter on Nov 30, 2016.
             Slain by Duvessa
             ... wielding a cursed -2 rapier
              (7 damage)
             ... on level 5 of the Dungeon.
             The game lasted 00:04:52 (2842 turns).

nht the Grappler (Troll Fighter)                    Turns: 2842, Time: 00:04:53

Health: -3/74      AC:  5    Str: 32    XL:     8   Next: 59%
Magic:  7/7        EV:  8    Int:  4    God:
Gold:   380        SH:  9    Dex:  9    Spells: 7/7 levels left

rFire  . . .     SeeInvis .       - Unarmed
rCold  . . .     Gourm    +     a - +0 robe
rNeg   . . .     Faith    .     b - +0 shield
rPois  .         Spirit   .     (helmet restricted)
rElec  .         Reflect  .     (no cloak)
rCorr  +         Harm     .     (gloves unavailable)
MR     .....                    (boots unavailable)
Stlth  +.........               (no amulet)
                                (no ring)
                                g - ring of resist corrosion

@: mighty, slowed, very slow
A: unfitting armour, claws 3, fast metabolism 3, gourmand, regeneration 1,
shaggy fur 1, tough skin 2
a: no special abilities


You were on level 5 of the Dungeon.
You were full.

You visited 1 branch of the dungeon, and saw 5 of its levels.

You collected 380 gold pieces.

Inventory:

Armour
 a - a +0 robe (worn)
 b - a +0 shield (worn)
Jewellery
 g - a ring of resist corrosion (left claw)
Scrolls
 e - 6 scrolls of identify
 f - a scroll of noise
 h - 2 scrolls of remove curse {unknown}
 i - 2 scrolls of amnesia {unknown}
 j - 3 scrolls of teleportation {unknown}
 m - a scroll of magic mapping
 r - a scroll of fear {unknown}
 s - a scroll of fog {unknown}
 t - 2 scrolls of immolation {unknown}
 u - a scroll of enchant weapon {unknown}
Potions
 c - 2 potions of might
Comestibles
 d - 6 bread rations
 l - 2 meat rations


   Skills:
 - Level 2.4 Fighting
 - Level 2.4 Dodging
 - Level 2.4 Shields
 + Level 10.9 Unarmed Combat


You had 7 spell levels left.
You didn't know any spells.

Dungeon Overview and Level Annotations

Branches:
Dungeon (5/15)
 Temple: D:4-7

Altars:
Kikubaaqudgha
Makhleb
Ru

Annotations:
D:5 Duvessa


Innate Abilities, Weirdness & Mutations

You are too large for most types of armour.
You have claws for hands.
Your metabolism is lightning-fast.
You like to eat raw meat.
Your natural rate of healing is unusually fast.
You are covered in fur. (AC +1)
You have very tough skin. (AC +2)


Message History

The hound barely misses you.
Dowan points at you and mumbles some strange words.
The puff of flame hits you!
* * * LOW HITPOINT WARNING * * *
Duvessa closely misses you. The hound bites you.
* * * LOW HITPOINT WARNING * * *
Dowan gestures at you while chanting. The puff of flame hits you!
* * * LOW HITPOINT WARNING * * *
Okay, then.
You eviscerate Dowan!!!
You kill Dowan!
Duvessa screams in rage.
Duvessa goes berserk!
Duvessa hits you with an enchanted rapier.
* * * LOW HITPOINT WARNING * * *
The hound bites you.
* * * LOW HITPOINT WARNING * * *
Duvessa hits you with an enchanted rapier!
You die...

.█
....█..................>
.█
....█.....█████'███.....
.█ ....███...██.....█
.... .█
█....█...██.....██ █ .█
█....'....'......█ .█ .
+...)█....█......█ ██ ..
█....█'███████████
███... █....█████..█
....... █...ah@.....█
....... █...g█)e....█
██..███ █..)p█......█


█████ █..g.█..█████ .█ █...>█$.█ .█ .'....█... .█ '██....█.... ..(. ..
.....████+ ..... . ....... You could see Duvessa (berserk), a hound, a worker
ant and a gnoll.

Vanquished Creatures
  Pikel (D:5)
  Eustachio (D:5)
  An ice beast (D:5)
  A slave (D:5)
  A sky beast (D:5)
  3 big kobolds (D:4)
  A gnoll sergeant (D:5)
  Dowan (D:5)
  A vampire bat (D:2)
  A howler monkey (D:4)
  2 hounds
  An orc priest (D:4)
  2 orc wizards
  A worker ant (D:4)
  4 gnolls
  6 adders
  4 oozes
  2 worms
  A dart slug (D:3)
  3 orcs
  5 bat skeletons (D:2)
  A bat zombie (D:2)
  9 goblins
  11 hobgoblins
  4 jackals (D:3)
  4 quokkas
  3 ball pythons
  3 bats
  2 frilled lizards (D:1)
  40 kobolds
  4 rats
124 creatures vanquished.

Vanquished Creatures (others)
  A slave (D:5)
  A gnoll (D:5)
2 creatures vanquished.

Grand Total: 126 creatures vanquished

Notes
Turn   | Place    | Note
-------+----------+-------------------------------------------
     0 | D:1      | nht the Troll Fighter began the quest for the Orb.
     0 | D:1      | Reached XP level 1. HP: 22/22 MP: 0/0
    72 | D:1      | Reached XP level 2. HP: 26/29 MP: 1/1
   147 | D:1      | You fall through a shaft!
   216 | D:2      | Reached skill level 3 in Unarmed Combat
   234 | D:2      | Reached XP level 3. HP: 36/36 MP: 2/2
   483 | D:2      | Found an ancient bone altar of Kikubaaqudgha.
   488 | D:2      | Reached skill level 4 in Unarmed Combat
   488 | D:2      | Reached XP level 4. HP: 44/44 MP: 3/3
   848 | D:3      | Reached skill level 5 in Unarmed Combat
  1084 | D:3      | Found a burning altar of Makhleb.
  1091 | D:3      | Reached XP level 5. HP: 40/50 MP: 4/4
  1392 | D:4      | Reached skill level 6 in Unarmed Combat
  1758 | D:4      | Reached XP level 6. HP: 51/59 MP: 5/5
  1923 | D:4      | Reached skill level 7 in Unarmed Combat
  1954 | D:4      | Reached XP level 7. HP: 54/66 MP: 6/6
  2045 | D:4      | Reached skill level 8 in Unarmed Combat
  2460 | D:5      | Entered Level 5 of the Dungeon
  2486 | D:5      | Found a sacrificial altar of Ru.
  2549 | D:5      | Noticed Eustachio
  2562 | D:5      | Killed Eustachio
  2562 | D:5      | Reached skill level 9 in Unarmed Combat
  2652 | D:5      | Noticed Pikel
  2673 | D:5      | Killed Pikel
  2673 | D:5      | Reached skill level 10 in Unarmed Combat
  2673 | D:5      | Reached XP level 8. HP: 27/74 MP: 7/7
  2835 | D:5      | Noticed Duvessa
  2835 | D:5      | Noticed Dowan
  2842 | D:5      | Killed Dowan
  2842 | D:5      | Slain by Duvessa

Vault maps used:
D:1:      wheals_arrival_shading, glass_columns_a, minmay_split_cup_large
D:2:      kennysheep_vampire_church
D:3:      minmay_door_path, makhleb_heckhound_becter
D:4:      minmay_goblin_kobold_castle, first_bread
D:5:      dancing_weapons_uskayaw, nicolae_ru_great_annihilating_truth,
          uniq_eustachio, uniq_duvessa, uniq_pikel, uniq_edmund

Skill      XL: |  1  2  3  4  5  6  7 |
---------------+----------------------+-----
Unarmed Combat | 3 4 5 6 7 10 | 10.9
Fighting       | |  2.4
Dodging        | |  2.4
Shields        | |  2.4

Action                   |  1- 3 |  4- 6 |  7- 9 || total
-------------------------+-------+-------+-------++-------
Melee: Unarmed           |    60 |   243 |    92 ||   395
  Use: Potion            |       |     6 |     1 ||     7
       Scroll            |       |       |     2 ||     2
 Stab: Sleeping          |       |     1 |       ||     1
       Paralysed         |       |       |     1 ||     1
  Eat: Chunk             |     9 |    15 |     4 ||    28
Armor: Robe              |    31 |    74 |    19 ||   124
       Skin              |       |    19 |       ||    19
Dodge: Dodged            |    23 |   110 |    29 ||   162
Block: Shield            |    35 |   122 |    39 ||   196
